AoeStats
← smallrice6888

Arena

507017195Analyzed
1v1 RM · 17d ago on Sep 16, 2026· 54m 0s· 2 players
Game mode
Random Map
Map size
Tiny (2 player)
Population
200
Speed
Normal
Resources
Standard
Victory
Conquest
Starting age
Dark Age
Ending age
Imperial Age
RankedLock teamsTeams togetherTeam positionsShared explorationLock speedFull tech treeHidden civsTurbo modeCheats
Victory
Defeat
🇹🇼 Franks · Taiwan
663
+16
🇬🇧 Poles · United Kingdom
658
-16
BoringDefenser
12:49 Feudal Age
13:39 Horse Collar
13:47 Double-Bit Axe
13:54 Loom
16:54 Castle Age
17:44 Loom
20:37 Wheelbarrow
23:57 Pikeman
34:41 Imperial Age
32:52 Fletching
34:20 Bodkin Arrow
46:53 Squires
46:33 Cavalier
smallrice6888
13:33 Feudal Age
15:55 Loom
18:34 Castle Age
17:12 Wheelbarrow
16:34 Double-Bit Axe
19:41 Husbandry
19:45 Fletching
20:05 Town Watch
24:49 Pikeman
26:06 Squires
30:23 Bodkin Arrow
35:15 Bow Saw
35:24 Forging
39:29 Scale Barding Armor
46:09 Imperial Age
44:09 Chain Barding Armor
46:25 Cavalier
47:44 Plate Barding Armor
47:27 Gold Mining
48:33 Paladin
53:27 Iron Casting
52:55 Stone Mining
53:44 Gold Shaft Mining
Connection lost

Rejoining the realm…

Still unreachable

The connection could not be restored.

Session expired

The server has moved on; the page needs a fresh start.